General information
- name: BNet
- type: Ladder 1vs1/FFA
- host: Battle.net
- saver: EureKa1
map: EchoIsles
- players: 2
- length: 16:52
- speed: Fast
- version: 1.26 W3XP
- replay type: Public
» download(84 KB)
Players
team 1 (loser)

»
EureKa1 (
green | 221 APM | 3735 actions | 16:52)
4 Blademaster
2 Wind Walk
2 Critical Strike
2 Shadow Hunter
1 Hex
1 Healing Wave
» actions
| Assign group hotkey | 23 | |
| Basic commands | 22 | |
| Build / train | 64 | |
| Enter build submenu | 13 | |
| Enter hero's abilities submenu | 6 | |
| Right click | 1945 | |
| Select / deselect | 536 | |
| Select group hotkey | 1059 | |
| Use ability | 67 | |
3735 total
» units
» upgrades
| Berserker Strength | 1 | |
| Ensnare | 2 | |
| Armor | 1 | |
4 total
» buildings
| Altar of Storms | 1 | |
| Orc Burrow | 4 | |
| Barracks | 1 | |
| Voodoo Lounge | 2 | |
| Stronghold | 2 | |
| War Mill | 1 | |
| Beastiary | 1 | |
12 total
» build order
00:07 Altar of Storms
00:22 Orc Burrow
00:52 Barracks
01:37 Orc Burrow
01:56 Voodoo Lounge
03:20 Stronghold
04:16 Orc Burrow
04:36 War Mill
05:08 Voodoo Lounge
05:59 Beastiary
14:45 Orc Burrow
» items
| Lesser Clarity Potion | 3 | |
| Healing Salve | 4 | |
| Potion of Healing | 1 | |
| Claws of Attack +6 | 1 | |
| Sentry Wards | 1 | |
| Gloves of Haste | 1 | |
11 total
team 2 (winner)

»
8lllIllllllIlID (
teal | 192 APM | 3247 actions | 16:52)
5 Blademaster
3 Wind Walk
2 Critical Strike
3 Shadow Hunter
1 Hex
2 Healing Wave
» actions
| Assign group hotkey | 71 | |
| Basic commands | 271 | |
| Build / train | 93 | |
| Enter build submenu | 11 | |
| Enter hero's abilities submenu | 7 | |
| Give item / drop item | 3 | |
| Right click | 597 | |
| Select / deselect | 331 | |
| Select group hotkey | 1705 | |
| Use ability | 158 | |
3247 total
» units
| Peon | 18 | |
| Grunt | 9 | |
| Raider | 5 | |
| Spirit Walker | 3 | |
| Kodo Beast | 1 | |
36 total
» upgrades
| Ensnare | 1 | |
| Berserker Strength | 2 | |
| Pillage | 1 | |
| Spirit Walker Training | 1 | |
5 total
» buildings
| Altar of Storms | 1 | |
| Orc Burrow | 4 | |
| Barracks | 1 | |
| Voodoo Lounge | 2 | |
| Stronghold | 2 | |
| Beastiary | 1 | |
| Spirit Lodge | 1 | |
| War Mill | 1 | |
13 total
» build order
00:12 Altar of Storms
00:20 Orc Burrow
00:35 Barracks
01:42 Voodoo Lounge
01:56 Orc Burrow
03:02 Stronghold
03:02 Stronghold
03:27 Orc Burrow
06:46 Voodoo Lounge
06:48 Beastiary
08:46 Spirit Lodge
14:27 Orc Burrow
14:59 War Mill
» items
| Healing Salve | 6 | |
| Dust of Appearance | 1 | |
| Boots of Speed | 1 | |
| Scroll of Speed | 9 | |
| Lesser Clarity Potion | 7 | |
| Potion of Healing | 2 | |
| Scroll of Healing | 1 | |
27 total
Chat log
(09:31 / All) 8lllIllllllIlID: gg
(16:16 / All) 8lllIllllllIlID: gg